| TOP OF THE 1ST |
|
California Angels batting - Pitching for Cleveland Guardians : RHP Jose Rico
|
|
Pitching: RHP Jose Rico
|
|
|
Batting: RHB Bjoern Waltersson
|
0-0: Ball 1-0: Called Strike 1-1: Called Strike 1-2: Ball 2-2: Strikes out looking
|
|
Batting: LHB Javier Trujillo
|
0-0: Ball 1-0: Foul Ball, location: 2F 1-1: Ground out 6-3 (Groundball, 56D, EV 107.5 MPH)
|
|
Batting: RHB Preston Deakyne
|
0-0: Ball 1-0: Called Strike 1-1: Ball 2-1: SOLO HOME RUN (Flyball, 78XD, EV 108.1 MPH), Distance : 434 ft
|
|
Batting: LHB Rusty Ney
|
0-0: Ball 1-0: Foul Ball, location: 2F 1-1: Called Strike 1-2: Ball 2-2: Ball 3-2: Base on Balls
|
|
Batting: RHB Avery Maxwell
|
0-0: Ball 1-0: Called Strike 1-1: Swinging Strike 1-2: Ball 2-2: Strikes out looking
|
| Top of the 1st over - 1 run, 1 hit, 0 errors, 1 left on base; California 1 - Cleveland 0 |
| BOTTOM OF THE 1ST |
|
Cleveland Guardians batting - Pitching for California Angels : LHP Steve Cooper
|
|
Pitching: LHP Steve Cooper
|
|
|
Batting: RHB Jasper Burd
|
0-0: Foul Ball, location: 2F 0-1: Ball 1-1: Ball 2-1: Foul Ball, location: 2F 2-2: Ball 3-2: Base on Balls
|
|
Batting: RHB Christian Blue
|
0-0: Swinging Strike 0-1: Grounds into double play, 6-4-3 (Groundball, 6, EV 85.6 MPH)
|
|
Batting: RHB Nick Ogle
|
0-0: Hit by Pitch
|
|
Batting: RHB Hiroshige Yamada
|
0-0: Ball 1-0: Foul Ball, location: 2F 1-1: Ball 2-1: Fly out, F9 (Line Drive, 9, EV 101.2 MPH)
|
| Bottom of the 1st over - 0 runs, 0 hits, 0 errors, 1 left on base; California 1 - Cleveland 0 |
| TOP OF THE 2ND |
|
California Angels batting - Pitching for Cleveland Guardians : RHP Jose Rico
|
|
Batting: RHB Ryan Munro
|
0-0: Called Strike 0-1: Ball 1-1: Called Strike 1-2: Ball 2-2: Ball 3-2: Fly out, F9 (Line Drive, 9, EV 83.8 MPH)
|
|
Batting: LHB James McCauley
|
0-0: Ball 1-0: Ball 2-0: Called Strike 2-1: Ground out 3-1 (Groundball, 34S, EV 81.9 MPH)
|
|
Batting: LHB Jonathon Walton
|
0-0: Ball 1-0: Called Strike 1-1: Called Strike 1-2: SOLO HOME RUN (Flyball, 89XD, EV 106.2 MPH), Distance : 435 ft
|
|
Batting: RHB Terry Baginski
|
0-0: Ball 1-0: Ball 2-0: Called Strike 2-1: Ball 3-1: Called Strike 3-2: Ground out 6-3 (Groundball, 6, EV 92.5 MPH)
|
| Top of the 2nd over - 1 run, 1 hit, 0 errors, 0 left on base; California 2 - Cleveland 0 |
| BOTTOM OF THE 2ND |
|
Cleveland Guardians batting - Pitching for California Angels : LHP Steve Cooper
|
|
Batting: RHB Solange Le Coq
|
0-0: Foul Ball, location: 2F 0-1: Ball 1-1: Ball 2-1: Foul Ball, location: 2F 2-2: Ball 3-2: Strikes out looking
|
|
Batting: LHB Hector Pedroso
|
0-0: Foul Ball, location: 2F 0-1: Foul Ball, location: 2F 0-2: Ball 1-2: Ball 2-2: Foul Ball, location: 2F 2-2: Fly out, F8 (Flyball, 8RXD, EV 105.0 MPH)
|
|
Batting: RHB Aaron Matthews
|
0-0: Called Strike 0-1: Foul Ball, location: 2F 0-2: Ball 1-2: Foul Ball, location: 2F 1-2: Strikes out looking
|
| Bottom of the 2nd over - 0 runs, 0 hits, 0 errors, 0 left on base; California 2 - Cleveland 0 |
| TOP OF THE 3RD |
|
California Angels batting - Pitching for Cleveland Guardians : RHP Jose Rico
|
|
Batting: RHB Bjoern Waltersson
|
0-0: Ball 1-0: Ground out 4-3 (Groundball, 34, EV 99.4 MPH)
|
|
Batting: LHB Javier Trujillo
|
0-0: Called Strike 0-1: Swinging Strike 0-2: Strikes out swinging
|
|
Batting: RHB Preston Deakyne
|
0-0: Ball 1-0: Swinging Strike 1-1: Foul Ball, location: 2F 1-2: Ball 2-2: Fly out, F8 (Flyball, 8LD, EV 81.9 MPH)
|
| Top of the 3rd over - 0 runs, 0 hits, 0 errors, 0 left on base; California 2 - Cleveland 0 |
| BOTTOM OF THE 3RD |
|
Cleveland Guardians batting - Pitching for California Angels : LHP Steve Cooper
|
|
Batting: LHB Brent Albertson
|
0-0: Foul Ball, location: 2F 0-1: Ground out 4-3 (Groundball, 4, EV 110.6 MPH)
|
|
Batting: LHB John Harring
|
0-0: Ball 1-0: Ground out 6-3 (Groundball, 6, EV 81.2 MPH)
|
|
Batting: RHB Jasper Burd
|
0-0: Ball 1-0: Ball 2-0: Ground out 6-3 (Groundball, 56, EV 83.1 MPH)
|
| Bottom of the 3rd over - 0 runs, 0 hits, 0 errors, 0 left on base; California 2 - Cleveland 0 |
| TOP OF THE 4TH |
|
California Angels batting - Pitching for Cleveland Guardians : RHP Jose Rico
|
|
Pitching: RHP Fomio Tashima
|
|
|
Batting: LHB Rusty Ney
|
0-0: Foul Ball, location: 2F 0-1: Ball 1-1: Swinging Strike 1-2: Ball 2-2: Strikes out looking
|
|
Batting: RHB Avery Maxwell
|
0-0: Called Strike 0-1: SOLO HOME RUN (Line Drive, 7LD, EV 106.2 MPH), Distance : 394 ft
|
|
Batting: RHB Ryan Munro
|
0-0: Ball 1-0: Called Strike 1-1: Foul Ball, location: 2F 1-2: Ball 2-2: Ball 3-2: Ground out 6-3 (Groundball, 6, EV 103.1 MPH)
|
|
Batting: LHB James McCauley
|
0-0: Swinging Strike 0-1: Foul Ball, location: 2F 0-2: Ball 1-2: Strikes out swinging
|
| Top of the 4th over - 1 run, 1 hit, 0 errors, 0 left on base; California 3 - Cleveland 0 |
| BOTTOM OF THE 4TH |
|
Cleveland Guardians batting - Pitching for California Angels : LHP Steve Cooper
|
|
Batting: RHB Christian Blue
|
0-0: Foul Ball, location: 2F 0-1: Ball 1-1: Ball 2-1: Ball 3-1: Fly out, F8 (Flyball, 8LM, EV 81.2 MPH)
|
|
Batting: RHB Nick Ogle
|
0-0: DOUBLE (Line Drive, 3D, EV 100.0 MPH)
|
|
Batting: RHB Hiroshige Yamada
|
0-0: Ball 1-0: Foul Ball, location: 2F 1-1: Swinging Strike 1-2: Ball 2-2: Foul Ball, location: 2F 2-2: Ground out 4-3 (Groundball, 4, EV 108.8 MPH) Nick Ogle to third
|
|
Pitching: RHP Tim Anderson
|
|
|
Pinch Hitting: LHB Nick Welling
|
0-0: Ball 1-0: Called Strike 1-1: Foul Ball, location: 2F 1-2: Foul Ball, location: 2F 1-2: Ball 2-2: Ball 3-2: Foul Ball, location: 2F 3-2: Ground out 6-3 (Groundball, 6M, EV 88.1 MPH)
|
| Bottom of the 4th over - 0 runs, 1 hit, 0 errors, 1 left on base; California 3 - Cleveland 0 |
| TOP OF THE 5TH |
|
California Angels batting - Pitching for Cleveland Guardians : RHP Fomio Tashima
|
|
Pitching: RHP En-guo Tsu
|
|
|
Now at 2B: Danny Eberhart
|
|
|
Now at 3B: Dan Hill
|
|
|
Now in CF: Nick Welling
|
|
|
Batting: LHB Jonathon Walton
|
0-0: Ball 1-0: DOUBLE (Line Drive, 78D, EV 111.9 MPH)
|
|
Batting: RHB Terry Baginski
|
0-0: Called Strike 0-1: Ball 1-1: Swinging Strike 1-2: Ground out 4-3 (Groundball, 34, EV 88.1 MPH) Jonathon Walton to third
|
|
Batting: RHB Bjoern Waltersson
|
0-0: Ball 1-0: Called Strike 1-1: SINGLE (Line Drive, 4MD, EV 98.1 MPH) Jonathon Walton scores
|
|
Pinch Hitting: RHB Josh Faulconer
|
0-0: Ball Bjoern Waltersson steals 2nd base 1-0: Ground out 5-3 (Groundball, 56, EV 97.5 MPH)
|
|
Pinch Hitting: RHB Ryuji Ito
|
0-0: SINGLE (Line Drive, 4M, EV 98.8 MPH) Bjoern Waltersson to third Throwing error, E8 Bjoern Waltersson scores Ryuji Ito to second
|
|
Pinch Hitting: RHB Brandon Davis
|
0-0: Ball 1-0: Foul Ball, location: 2F 1-1: Ball 2-1: Swinging Strike 2-2: Ball 3-2: Foul Ball, location: 2F 3-2: Ground out 6-3 (Groundball, 56, EV 99.4 MPH)
|
| Top of the 5th over - 2 runs, 3 hits, 1 error, 1 left on base; California 5 - Cleveland 0 |
| BOTTOM OF THE 5TH |
|
Cleveland Guardians batting - Pitching for California Angels : RHP Tim Anderson
|
|
Pitching: RHP Dave Jackson
|
|
|
Now at 3B: Brett Bugge
|
|
|
Now at SS: Nick Dunn
|
|
|
Now in CF: Brandon Davis
|
|
|
Now in RF: Justin Alexander
|
|
|
Batting: LHB Hector Pedroso
|
0-0: Swinging Strike 0-1: Fly out, F9 (Flyball, 9S, EV 87.5 MPH)
|
|
Batting: RHB Aaron Matthews
|
0-0: Called Strike 0-1: Foul Ball, location: 2F 0-2: Ball 1-2: SINGLE (Flyball, 8RS, EV 90.6 MPH)
|
|
Batting: LHB Brent Albertson
|
0-0: Called Strike 0-1: Called Strike 0-2: Ball 1-2: Ball 2-2: Ball 3-2: Strikes out swinging
|
|
Batting: LHB John Harring
|
0-0: Ball Aaron Matthews steals 2nd base 1-0: Fly out, F4 (Line Drive, 4, EV 66.2 MPH)
|
| Bottom of the 5th over - 0 runs, 1 hit, 0 errors, 1 left on base; California 5 - Cleveland 0 |
| TOP OF THE 6TH |
|
California Angels batting - Pitching for Cleveland Guardians : RHP En-guo Tsu
|
|
Now at C: Justin Ganey
|
|
|
Now at 1B: Rick O'Reilly
|
|
|
Now at SS: Jason Sher
|
|
|
Pinch Hitting: RHB Luis Romero
|
0-0: Foul Ball, location: 2F 0-1: Ball 1-1: Foul Ball, location: 2F 1-2: Strikes out swinging
|
|
Batting: RHB Alain Delhaye
|
0-0: SINGLE (Groundball, 4MD, EV 100.6 MPH)
|
|
Pinch Hitting: LHB Micah Miller
|
0-0: 2-RUN HOME RUN (Flyball, 7D, EV 99.4 MPH), Distance : 401 ft
|
|
DELAY
|
Rain delay of 33 minutes in the 6th inning.
|
|
Pinch Hitting: LHB Mark Reeg
|
0-0: Called Strike 0-1: Foul Ball, location: 2F 0-2: Foul Ball, location: 2F 0-2: Strikes out swinging
|
|
Pitching: RHP Drew Rickelman
|
|
|
Batting: RHB Terry Baginski
|
0-0: Called Strike 0-1: Ball 1-1: Ball 2-1: Ground out U3 (Groundball, 3, EV 86.2 MPH)
|
| Top of the 6th over - 2 runs, 2 hits, 0 errors, 0 left on base; California 7 - Cleveland 0 |
| BOTTOM OF THE 6TH |
|
Cleveland Guardians batting - Pitching for California Angels : RHP Dave Jackson
|
|
Pitching: LHP Matt Huston
|
|
|
Now at C: Luis Romero
|
|
|
Now at 1B: Mark Reeg
|
|
|
Now in LF: Justin Alexander
|
|
|
Now in RF: Micah Miller
|
|
|
Batting: RHB Danny Eberhart
|
0-0: Swinging Strike 0-1: Ball 1-1: Swinging Strike 1-2: Strikes out swinging
|
|
Batting: SHB Dan Hill
|
0-0: Foul Ball, location: 2F 0-1: Swinging Strike 0-2: Strikes out swinging
|
|
Pinch Hitting: SHB Pete Barutha
|
0-0: Swinging Strike 0-1: Ball 1-1: Ball 2-1: Ball 3-1: Called Strike 3-2: Ground out 5-3 (Groundball, 56, EV 88.8 MPH)
|
| Bottom of the 6th over - 0 runs, 0 hits, 0 errors, 0 left on base; California 7 - Cleveland 0 |
| TOP OF THE 7TH |
|
California Angels batting - Pitching for Cleveland Guardians : RHP Drew Rickelman
|
|
Now in LF: Corey Trevor
|
|
|
Now in CF: Pete Barutha
|
|
|
Now in RF: Nick Welling
|
|
|
Batting: RHB Nick Dunn
|
0-0: Swinging Strike 0-1: Ground out 5-3 (Groundball, 56S, EV 73.8 MPH)
|
|
Batting: LHB Brett Bugge
|
0-0: Ball 1-0: Called Strike 1-1: Called Strike 1-2: Foul Ball, location: 2F 1-2: Strikes out looking
|
|
Batting: LHB Justin Alexander
|
0-0: Ball 1-0: Called Strike 1-1: Ball 2-1: Foul Ball, location: 2F 2-2: SINGLE (Groundball, P, EV 93.8 MPH) (infield hit)
|
|
Batting: RHB Brandon Davis
|
0-0: Ground out U3 (Groundball, 34S, EV 85.6 MPH)
|
| Top of the 7th over - 0 runs, 1 hit, 0 errors, 1 left on base; California 7 - Cleveland 0 |
| BOTTOM OF THE 7TH |
|
Cleveland Guardians batting - Pitching for California Angels : LHP Matt Huston
|
|
Batting: RHB Rick O'Reilly
|
0-0: Called Strike 0-1: Foul Ball, location: 2F 0-2: Strikes out swinging
|
|
Batting: LHB Nick Welling
|
0-0: Ball 1-0: Ball 2-0: Ball 3-0: Base on Balls
|
|
Batting: LHB Corey Trevor
|
0-0: Grounds into double play, 5-4-3 (Groundball, 56, EV 110.6 MPH)
|
| Bottom of the 7th over - 0 runs, 0 hits, 0 errors, 0 left on base; California 7 - Cleveland 0 |
| TOP OF THE 8TH |
|
California Angels batting - Pitching for Cleveland Guardians : RHP Drew Rickelman
|
|
Pitching: LHP Mitch Lewis
|
|
|
Batting: RHB Luis Romero
|
0-0: Ball 1-0: Called Strike 1-1: Foul Ball, location: 2F 1-2: Strikes out swinging
|
|
Batting: RHB Alain Delhaye
|
0-0: Called Strike 0-1: Foul Ball, location: 2F 0-2: Strikes out looking
|
|
Batting: LHB Micah Miller
|
0-0: Swinging Strike 0-1: Foul Ball, location: 2F 0-2: Ball 1-2: Ball 2-2: Strikes out looking
|
| Top of the 8th over - 0 runs, 0 hits, 0 errors, 0 left on base; California 7 - Cleveland 0 |
| BOTTOM OF THE 8TH |
|
Cleveland Guardians batting - Pitching for California Angels : LHP Matt Huston
|
|
Pitching: RHP Joe Butler
|
|
|
Batting: RHB Jason Sher
|
0-0: Ball 1-0: Called Strike 1-1: Foul Ball, location: 2F 1-2: Ball 2-2: Ball 3-2: Base on Balls
|
|
Batting: RHB Carlos Abrego
|
0-0: Ball 1-0: Ball 2-0: Ball 3-0: Fly out, F7 (Flyball, 7, EV 90.6 MPH)
|
|
Batting: RHB Justin Ganey
|
0-0: Swinging Strike 0-1: Foul Ball, location: 2F 0-2: Ball 1-2: Ball 2-2: Strikes out swinging
|
|
Pinch Hitting: LHB Danny Dunham
|
0-0: 2-RUN HOME RUN (Flyball, 7D, EV 108.1 MPH), Distance : 409 ft
|
|
Batting: SHB Dan Hill
|
0-0: Called Strike 0-1: Ball 1-1: Ball 2-1: Called Strike 2-2: Foul Ball, location: 2F 2-2: Ball 3-2: Ground out 4-3 (Groundball, 4, EV 76.9 MPH)
|
| Bottom of the 8th over - 2 runs, 1 hit, 0 errors, 0 left on base; California 7 - Cleveland 2 |
| TOP OF THE 9TH |
|
California Angels batting - Pitching for Cleveland Guardians : LHP Mitch Lewis
|
|
Pitching: RHP Eduardo Garcia
|
|
|
Now at 1B: Danny Dunham
|
|
|
Now at 2B: Rick O'Reilly
|
|
|
Batting: LHB Mark Reeg
|
0-0: Foul Ball, location: 2F 0-1: Ball 1-1: Ball 2-1: Ground out 4-3 (Groundball, 4S, EV 72.5 MPH)
|
|
Batting: RHB Terry Baginski
|
0-0: Foul Ball, location: 2F 0-1: SINGLE (Line Drive, 34D, EV 104.4 MPH)
|
|
Batting: RHB Nick Dunn
|
0-0: Ball 1-0: Ball 2-0: Ball 3-0: Called Strike 3-1: DOUBLE (Flyball, 8RXD, EV 107.5 MPH) Terry Baginski to third
|
|
Batting: LHB Brett Bugge
|
0-0: Called Strike 0-1: Ball 1-1: Ball 2-1: 3-RUN HOME RUN (Flyball, 9LD, EV 89.4 MPH), Distance : 340 ft
|
|
Pitching: RHP Dennis Beals
|
|
|
Batting: LHB Justin Alexander
|
0-0: Ball 1-0: Ball 2-0: Foul Ball, location: 2F 2-1: Ball 3-1: Called Strike 3-2: Foul Ball, location: 2F 3-2: Foul Ball, location: 2F 3-2: Foul Ball, location: 2F 3-2: Base on Balls
|
|
Pinch Hitting: SHB Mario Padron
|
0-0: Foul Ball, location: 2F 0-1: Called Strike 0-2: Ball 1-2: Foul Ball, location: 2F 1-2: Ball 2-2: Ball 3-2: Base on Balls Justin Alexander to second
|
|
Batting: RHB Luis Romero
|
0-0: Fly out, F8 (Flyball, 8RD, EV 106.2 MPH)
|
|
Batting: LHB Griffin Ferris
|
0-0: Ball 1-0: Called Strike 1-1: Swinging Strike 1-2: Foul Ball, location: 2F 1-2: Ball Wild Pitch! Justin Alexander to third Mario Padron to second 2-2: Strikes out looking
|
| Top of the 9th over - 3 runs, 3 hits, 0 errors, 2 left on base; California 10 - Cleveland 2 |
| BOTTOM OF THE 9TH |
|
Cleveland Guardians batting - Pitching for California Angels : RHP Joe Butler
|
|
Pitching: LHP Trevor Sharp
|
|
|
Now in LF: Mario Padron
|
|
|
Now in CF: Justin Alexander
|
|
|
Batting: SHB Pete Barutha
|
0-0: Called Strike 0-1: Ball 1-1: Swinging Strike 1-2: Ball 2-2: Strikes out swinging
|
|
Batting: RHB Rick O'Reilly
|
0-0: SINGLE (Groundball, 56S, EV 62.5 MPH) (infield hit)
|
|
Batting: LHB Nick Welling
|
0-0: Ball 1-0: Foul Ball, location: 2F 1-1: Foul Ball, location: 2F 1-2: SINGLE (Groundball, 13S, EV 66.9 MPH) (infield hit) Rick O'Reilly to second
|
|
Batting: LHB Corey Trevor
|
0-0: Grounds into double play, 5-4-3 (Groundball, 56, EV 91.2 MPH)
|
| Bottom of the 9th over - 0 runs, 2 hits, 0 errors, 1 left on base; California 10 - Cleveland 2 |
|